 Dungeon Crawl Stone Soup version 0.16-a0-922-gae79c9c (webtiles) character file.

106 Ololoev the Slasher (level 4, -3/36 HPs)
             Began as a Centaur Gladiator on Sept 30, 2014.
             Killed from afar by Grinder (11 damage)
             ... with a wand of magic darts
             ... on Level 3 of the Dungeon.
             The game lasted 00:03:54 (2611 turns).

Ololoev the Slasher (Centaur Gladiator)             Turns: 2611, Time: 00:03:54

HP  -3/36        AC  5     Str 17      XL: 4   Next: 55%
MP   3/3         EV 10     Int  7      God:
Gold 123         SH  0     Dex 11      Spells:  0 memorised,  3 levels left

rFire  . . .     SeeInvis .     a - +0 long sword
rCold  + . .     Clarity  .     b - +0 leather armour
rNeg   . . .     rCorr    .     (no shield)
rPois  .         rRot     .     c - +0 helmet
rElec  .         Spirit   .     (no cloak)
SustAb .         Warding  .     (no gloves)
rMut   .         Stasis   .     (no barding)
Gourm  .                        (no amulet)
MR     .....                    (no ring)
                                q - ring of protection from cold

@: very quick, not resistant to hostile enchantments, very unstealthy
A: hooves 3, deformed body, speed 2, tough skin 3
a: no special abilities


You were on level 3 of the Dungeon.
You were not hungry.

You visited 1 branch of the dungeon, and saw 3 of its levels.

You collected 123 gold pieces.

Inventory:

Hand weapons
 a - a +0 long sword (weapon)
Missiles
 d - 3 throwing nets (quivered)
Armour
 b - a +0 leather armour (worn)
 c - a +0 helmet (worn)
Magical devices
 x - a wand of magic darts (14)
Comestibles
 f - 3 bread rations
 n - 3 meat rations
 t - a slice of pizza
 v - a royal jelly
Scrolls
 e - 4 scrolls of noise {unknown}
 g - a scroll of immolation {unknown}
 h - 2 scrolls of teleportation {unknown}
 k - 2 scrolls of remove curse {unknown}
 m - a scroll of fear {unknown}
 r - 2 scrolls of identify {unknown}
 s - a scroll of magic mapping {unknown}
 w - a scroll of amnesia {unknown}
Jewellery
 q - a ring of protection from cold (left hand)
 u - an uncursed ring of sustain abilities {unknown}
Potions
 i - 2 potions of heal wounds {unknown}
 j - a potion of cure mutation {unknown}
 l - a potion of lignification {unknown}
 o - a potion of curing {unknown}
 p - 2 potions of magic {unknown}


   Skills:
 - Level 2.0 Fighting
 * Level 4.3 Long Blades
 + Level 4.2 Throwing
 - Level 2.1 Dodging


You had 3 spell levels left.
You didn't know any spells.

Dungeon Overview and Level Annotations

Branches:
Dungeon (3/15)

Altars:
Trog

Annotations:
D:3 Grinder


Innate Abilities, Weirdness & Mutations

You have hooves in place of feet.
Armour fits poorly on your strangely shaped body.
You cover ground very quickly.
You have extremely tough skin (AC +3).


Message History

The bat is heavily wounded.
You feel sick. The bat closely misses you. The bat hits you but does no damage.
You hit the bat.
You kill the bat!
You feel sick.
You feel sick.
You feel sick.
You feel sick.
You feel sick.
You feel sick.
You feel sick.
You feel sick.
You are no longer poisoned.
You start resting.
Grinder gestures.
Grinder blinks!
You barely miss Grinder.
Grinder zaps a wand.
The magic dart hits you!
* * * LOW HITPOINT WARNING * * *
Grinder zaps a wand.
The magic dart hits you!
You die...

#.# #.#....# #.....
#.# #.#....# #>.
#.# #.#....# #.#
#.#....# #.#
#.##+### #.# #.##.#
#.# #.##.# #.#
#.##.#
#.#####.@..####
#.....ยง...5...#
#############'#####
#.......# #.......#
#.......# #.......#
#.......# #.......#


You could see Grinder.

Vanquished Creatures
  3 adders
  4 worms
  An ooze (D:3)
  2 ball pythons
  9 bats
  2 giant cockroaches (D:2)
  7 goblins
  5 hobgoblins
  9 jackals
  A quokka (D:2)
  5 giant newts
  A kobold (D:2)
  9 rats
58 creatures vanquished.

Notes
Turn   | Place    | Note
--------------------------------------------------------------
     0 | D:1      | Ololoev, the Centaur Gladiator, began the quest for the Orb.
     0 | D:1      | Reached XP level 1. HP: 17/17 MP: 1/1
   157 | D:1      | Reached skill level 3 in Throwing
   308 | D:1      | Reached XP level 2. HP: 21/24 MP: 2/2
   865 | D:2      | Reached XP level 3. HP: 19/29 MP: 3/3
  1542 | D:2      | Found a bloodstained altar of Trog.
  1617 | D:2      | Reached skill level 4 in Throwing
  1923 | D:3      | Reached XP level 4. HP: 36/36 MP: 3/3
  2495 | D:3      | Noticed Grinder
  2611 | D:3      | Killed from afar by Grinder

Action                   |  1- 3 |  4- 6 || total
-------------------------+-------+-------++-------
Melee: Long sword        |   137 |    54 ||   191
Throw: Throwing net      |     1 |       ||     1
  Eat: Chunk             |     2 |     2 ||     4
